Map: Port Aleksander LE

Players

Snute - Winner!

  • Race: Zerg Zerg
  • Spawn Location: 5:00

Namshar

  • Race: Zerg Zerg
  • Spawn Location: 11:00

Event: 2019 WCS Spring

VOD

Have the link to the VOD?

Description

Time

  • Played on: May 17, 2019, 11:15 a.m.
  • Length: 16:59

All games in this series

Show
View Real Time Build Order
Export as new Build Order

Snute Zerg - Winner!

Build Orders: 3 Hatch before Pool, Zergling Baneling 

Get SALT Encoding   

  12  0:00  Drone  
  13  0:13  Overlord  
  13  0:18  Drone  
  14  0:31  Drone x2  
  14  0:35  Drone  
  17  0:52  Hatchery  
  17  0:56  Drone  
  17  0:59  Drone  
  18  1:19  Hatchery  
  18  1:22  Drone  
  18  1:26  Extractor  
  18  1:27  Drone  
  18  1:40  Spawning Pool  
  18  1:43  Drone  
  18  1:46  Drone  
  19  1:50  Drone  
  20  2:00  Drone  
  21  2:04  Drone  
  22  2:11  Drone  
  24  2:15  Drone  
  24  2:22  Drone  
  25  2:27  Queen  
  27  2:30  Queen  
  27  2:32  Extractor  
  27  2:33  Metabolic Boost  
  27  2:36  Zergling x2  
  30  2:37  Zergling x2  
  30  2:40  Zergling x2  
  32  2:44  Overlord  
  32  2:51  Queen  
  34  3:00  Baneling Nest  
  34  3:02  Overlord  
  34  3:04  Drone  
  34  3:06  Drone  
  34  3:10  Drone  
  37  3:12  Drone  
  37  3:14  Drone  
  38  3:20  Overlord  
  38  3:27  Queen  
  38  3:33  Zergling x6  
  43  3:36  Zergling x2  
  43  3:37  Zergling x2  
  43  3:39  Zergling x2  
  46  3:46  Zergling x4  
  46  3:47  Zergling x4  
  50  3:49  Baneling x2  
  50  3:55  Zergling x6  
  53  4:00  Overlord  
  53  4:01  Drone  
  54  4:09  Drone x3  
  58  4:10  Drone  
  58  4:15  Baneling x5  
  58  4:16  Baneling  
  58  4:18  Drone  
  58  4:19  Drone  
  58  4:21  Drone  
  54  4:46  Zergling x2  
  54  4:47  Zergling x20  
  54  4:48  Baneling x2  
  62  4:55  Extractor x2  
  62  4:57  Baneling x2  
  62  4:58  Roach Warren  
  59  5:01  Drone  
  59  5:02  Drone  
  60  5:09  Drone  
  60  5:10  Drone x3  
  63  5:15  Overlord  
  63  5:18  Overlord  
  63  5:20  Evolution Chamber  
  60  5:21  Drone  
  60  5:22  Drone  
  60  5:23  Drone x2  
  64  5:28  Drone  
  64  5:29  Baneling x2  
  64  5:32  Overlord  
  64  5:35  Overlord  
  65  5:36  Overlord  
  65  5:41  Lair  
  62  5:43  Drone x3  
  62  5:47  Zerg Missile Weapons Level 1  
  65  5:50  Drone x2  
  65  5:51  Drone  
  65  5:55  Drone x2  
  65  5:56  Drone  
  70  5:59  Baneling x2  
  70  6:03  Drone x3  
  73  6:04  Drone  
  73  6:05  Drone  
  73  6:08  Drone  
  76  6:13  Drone x4  
  80  6:22  Overlord  
  80  6:24  Drone x3  
  83  6:27  Extractor  
  83  6:29  Extractor  
  83  6:30  Extractor  
  80  6:33  Drone  
  80  6:35  Drone x2  
  80  6:39  Hatchery  
  82  6:40  Roach  
  82  6:41  Roach x2  
  82  6:43  Roach, Spine Crawler  
  82  6:46  Roach  
  91  6:49  Roach, Spire  
  91  6:52  Baneling x7  
  93  6:55  Roach  
  93  6:57  Zergling x6  
  93  6:59  Roach  
  83  7:10  Drone  
  83  7:11  Drone x4  
  83  7:12  Drone  
  83  7:14  Drone  
  83  7:20  Extractor, Drone  
  83  7:21  Extractor  
  82  7:26  Drone  
  82  7:27  Drone x8  
  91  7:40  Overlord  
  91  7:41  Zerg Missile Weapons Level 2  
  91  7:58  Drone x4  
  94  8:01  Mutalisk  
  94  8:02  Mutalisk x5, Extractor  
  105  8:07  Zergling x2  
  105  8:08  Roach x4, Extractor  
  105  8:09  Roach  
  105  8:11  Roach  
  105  8:12  Roach  
  119  8:16  Spine Crawler  
  119  8:17  Roach x3  
  124  8:21  Evolution Chamber  
  121  8:28  Roach x6  
  121  8:31  Roach x2  
  121  8:33  Roach x2  
  128  8:41  Roach x3  
  127  8:47  Roach x4  
  121  8:57  Roach x5  
  121  8:59  Roach  
  121  9:00  Roach  
  125  9:09  Roach x2  
  121  9:13  Roach  
  117  9:22  Drone x12  
  117  9:23  Drone  
  128  9:34  Overseer  
  128  9:37  Overlord x2  
  124  9:48  Roach x3  
  125  9:53  Roach x2  
  125  9:56  Roach x6  
  125  9:57  Roach  
  136  10:00  Glial Reconstitution  
  136  10:03  Roach x2  
  136  10:05  Drone x2  
  134  10:10  Drone x2  
  134  10:12  Drone  
  134  10:13  Drone  
  127  10:16  Drone  
  126  10:21  Overseer  
  126  10:25  Drone x3  
  125  10:28  Drone  
  125  10:29  Drone  
  125  10:31  Drone  
  127  10:35  Drone x2  
  129  10:46  Ravager  
  129  10:47  Ravager  
  128  10:52  Roach x4  
  133  11:00  Roach x3  
  138  11:05  Drone x2  
  138  11:12  Drone x3  
  141  11:23  Roach  
  144  11:26  Ravager, Overlord x3  
  144  11:28  Pneumatized Carapace  
  144  11:36  Overlord  
  143  11:46  Ravager x7  
  150  11:47  Ravager  
  150  11:48  Ravager x2  
  150  11:49  Roach x4  
  161  11:55  Roach x4  
  161  12:00  Roach x2  
  173  12:09  Roach  
  173  12:11  Overlord x2  
  149  12:32  Roach x11  
  152  12:48  Roach  
  152  12:49  Roach x6  
  141  13:02  Roach x4  
  141  13:03  Roach x2  
  144  13:18  Roach x5  
  117  13:32  Overseer  
  115  13:34  Roach x5  
  119  13:42  Overseer  
  119  13:58  Roach  
  119  13:59  Roach x3  
  110  14:17  Roach x3  
  114  14:46  Roach  
  114  14:47  Roach x4  
  124  14:57  Drone x3  
  127  15:05  Drone x2  
  122  15:36  Roach  
  122  15:37  Roach x5  
  122  15:40  Overseer  
  128  16:00  Ravager  
  128  16:02  Ravager x5  
  134  16:21  Ravager x2  
  134  16:22  Ravager x2  
  140  16:29  Overseer  
  139  16:34  Spine Crawler  
Show
View Real Time Build Order
Export as new Build Order

Namshar Zerg 

Build Orders: Hatch First, Lurkers, Zergling Baneling 

Get SALT Encoding   

  12  0:00  Drone  
  13  0:13  Overlord  
  13  0:18  Drone  
  14  0:31  Drone x2  
  16  0:48  Hatchery  
  15  0:53  Drone  
  15  0:56  Drone  
  17  1:00  Drone  
  18  1:11  Extractor  
  17  1:15  Spawning Pool  
  16  1:19  Drone  
  16  1:21  Drone  
  18  1:29  Drone  
  20  1:40  Drone  
  20  1:49  Overlord  
  20  2:02  Queen x2  
  20  2:03  Zergling x2, Drone  
  26  2:12  Metabolic Boost, Drone  
  26  2:14  Drone  
  28  2:23  Drone x2  
  30  2:33  Drone x2  
  32  2:41  Hatchery  
  32  2:44  Drone  
  32  2:49  Baneling Nest  
  31  2:53  Overlord  
  31  2:57  Drone  
  32  3:02  Drone  
  33  3:07  Drone  
  33  3:12  Drone x3  
  37  3:15  Queen  
  37  3:19  Overlord  
  39  3:21  Zergling x2  
  39  3:23  Zergling x2  
  39  3:25  Zergling x2  
  42  3:28  Drone  
  42  3:33  Baneling x2  
  43  3:35  Overlord, Drone  
  44  3:41  Evolution Chamber  
  44  3:44  Overlord x2  
  43  3:50  Zergling x4  
  43  3:54  Drone x2  
  43  3:55  Drone  
  48  4:00  Zergling x2  
  48  4:01  Zergling x4  
  50  4:03  Baneling x2  
  50  4:06  Queen  
  52  4:13  Zerg Missile Weapons Level 1  
  52  4:16  Roach Warren  
  51  4:23  Drone  
  51  4:24  Extractor x2, Drone x2  
  52  4:26  Baneling x2  
  51  4:34  Baneling  
  49  4:38  Zergling x2  
  49  4:39  Zergling x14  
  49  4:40  Baneling  
  56  4:47  Zergling x6  
  56  4:48  Zergling x4  
  56  4:51  Baneling  
  60  4:55  Drone  
  60  4:56  Drone x3  
  60  4:58  Baneling  
  61  5:17  Overlord x3  
  61  5:18  Lair  
  61  5:26  Baneling x2  
  61  5:27  Baneling  
  60  5:31  Overlord  
  60  5:35  Queen  
  60  5:42  Roach x6  
  70  5:59  Roach x2  
  74  6:07  Drone x2  
  76  6:16  Zerg Missile Weapons Level 2  
  76  6:17  Glial Reconstitution  
  76  6:21  Drone x12  
  88  6:32  Drone x2  
  86  6:45  Extractor, Pneumatized Carapace, Drone  
  86  6:46  Extractor x2  
  83  6:47  Drone  
  83  6:48  Evolution Chamber, Drone x3  
  83  6:50  Overlord x3, Drone  
  87  7:02  Roach  
  87  7:09  Roach x9  
  101  7:16  Zerg Ground Armor Level 1  
  101  7:17  Drone x5  
  106  7:25  Overseer  
  106  7:34  Drone x4  
  106  7:35  Overlord  
  110  7:42  Overlord  
  110  7:44  Hatchery  
  110  7:45  Ravager x3  
  110  7:46  Ravager  
  110  7:50  Drone  
  114  7:57  Queen x2  
  119  7:58  Nydus Network  
  119  8:00  Roach x3  
  119  8:01  Roach x3  
  130  8:07  Burrow  
  130  8:10  Hatchery  
  129  8:14  Spore Crawler  
  129  8:15  Spore Crawler, Drone  
  129  8:17  Spore Crawler  
  127  8:20  Drone  
  121  8:27  Spore Crawler  
  121  8:30  Roach x6  
  126  8:35  Nydus Canal  
  126  8:39  Roach x3  
  130  8:48  Queen  
  130  8:55  Nydus Canal  
  126  8:58  Roach x7  
  126  9:03  Queen  
  126  9:07  Roach  
  126  9:08  Roach  
  126  9:09  Nydus Canal  
  118  9:14  Overlord  
  110  9:17  Queen, Hydralisk Den  
  110  9:18  Roach x3  
  110  9:20  Nydus Canal  
  111  9:26  Drone x5  
  111  9:29  Queen  
  118  9:44  Queen  
  120  9:47  Nydus Canal  
  120  9:48  Roach x4  
  120  9:49  Roach x3  
  118  10:01  Muscular Augments  
  118  10:02  Roach  
  118  10:04  Roach, Queen, Drone x2  
  118  10:06  Spore Crawler  
  111  10:15  Roach x5  
  111  10:16  Roach x4  
  111  10:17  Roach  
  119  10:26  Nydus Canal  
  109  10:30  Drone x2  
  109  10:32  Extractor  
  109  10:33  Drone  
  109  10:36  Hydralisk x9  
  109  10:39  Tunneling Claws  
  109  10:41  Drone  
  128  10:48  Nydus Canal  
  128  11:02  Nydus Canal  
  126  11:04  Hydralisk x2  
  128  11:12  Roach x3, Grooved Spines  
  128  11:15  Overlord  
  128  11:16  Overlord x6  
  126  11:29  Lurker Den  
  119  11:33  Drone  
  119  11:38  Hydralisk  
  119  11:39  Hydralisk, Roach  
  140  11:40  Roach x11  
  140  11:44  Queen  
  140  11:47  Roach x4  
  140  11:49  Nydus Canal  
  140  11:52  Overseer  
  148  11:59  Roach x4  
  156  12:09  Roach x4  
  156  12:14  Roach x2  
  168  12:16  Roach x3  
  166  12:25  Roach x3  
  166  12:26  Roach x5  
  152  12:31  Roach x3  
  152  12:34  Roach x2  
  138  12:38  Roach  
  138  12:41  Roach x3  
  126  12:46  Roach x2  
  126  12:49  Roach  
  105  12:52  Roach x4  
  101  12:58  Roach  
  101  12:59  Roach x3  
  101  13:02  Roach x2  
  105  13:07  Roach  
  96  13:15  Roach x3  
  80  13:21  Roach x2  
  80  13:26  Hydralisk x2  
  80  13:31  Hydralisk x2  
  80  13:39  Roach x12  
  80  13:40  Hydralisk x4  
  90  13:52  Hydralisk  
  90  13:53  Hydralisk  
  87  13:59  Hydralisk  
  59  14:12  Hydralisk x4  
  59  14:16  Hydralisk x2  
  62  14:28  Lurker  
  62  14:30  Lurker x2  
  62  14:31  Lurker  
  59  15:02  Spawning Pool  
  59  15:03  Roach Warren  
  59  15:04  Roach x3  
  57  15:09  Roach x3  
  57  15:14  Drone x4  
  61  15:31  Roach x3  
  61  15:46  Roach x5, Extractor  
  66  15:59  Drone  
  67  16:04  Roach x2  
  67  16:07  Roach  
  65  16:19  Roach  
  65  16:21  Roach  
  65  16:24  Ravager x3  
  71  16:25  Ravager  
  71  16:28  Roach  
Tags
 
Add a new tag
Caveats
  • Supply blocks, unpowered buildings, or Contaminate may cause inaccurate times.
  • Supply counts are checked every 10 seconds.